Map: Nightshade LE

Players

antagomiR

  • Race: Protoss Protoss
  • League: Gold
  • Spawn Location: 11:00

Leglump - Winner!

  • Race: Zerg Zerg
  • League: Gold
  • Spawn Location: 5:00

VOD

Have the link to the VOD?

Description

Time

  • Played on: April 15, 2020, 10:56 p.m.
  • Length: 5:03
Show
View Real Time Build Order
Export as new Build Order

antagomiR Protoss 

Build Orders:  

Get SALT Encoding   

  12  0:01  Probe  
  13  0:13  Probe  
  14  0:26  Pylon  
  14  0:30  Probe  
  15  0:44  Probe  
  16  0:51  Gateway  
  16  0:56  Probe  
  17  0:58  Assimilator  
  17  1:09  Probe  
  18  1:13  Assimilator  
  18  1:27  Probe (Chrono Boost)  
  19  1:39  Probe (Chrono Boost)  
  20  1:41  Cybernetics Core  
  20  1:53  Nexus  
  20  1:57  Probe  
  21  2:06  Pylon  
  21  2:11  Warp Gate (Chrono Boost), Probe  
  22  2:24  Stalker  
  22  2:28  Probe  
  25  2:40  Probe  
  25  2:43  Pylon  
  26  2:52  Probe  
  26  2:55  Sentry  
  29  3:04  Probe  
  30  3:10  Probe  
  31  3:16  Probe  
  32  3:21  Gateway  
  32  3:22  Probe  
  29  3:27  Stalker (Chrono Boost)  
  28  3:50  Stalker (Chrono Boost)  
  30  4:14  Stalker (Chrono Boost)  
  26  4:37  Stalker (Chrono Boost)  
Show
View Real Time Build Order
Export as new Build Order

Leglump Zerg - Winner!

Build Orders: Hatch First 

Get SALT Encoding   

  12  0:02  Drone  
  13  0:08  Drone  
  14  0:16  Overlord  
  14  0:49  Drone  
  15  0:51  Hatchery  
  14  1:02  Spawning Pool  
  13  1:08  Drone  
  13  1:10  Drone  
  15  1:12  Extractor  
  15  1:14  Drone  
  15  1:26  Drone  
  16  1:37  Drone  
  17  1:44  Drone  
  18  1:49  Queen  
  18  1:53  Zergling x2  
  21  2:02  Overlord  
  21  2:11  Drone  
  22  2:15  Drone  
  22  2:16  Drone  
  24  2:29  Zergling x4  
  26  2:36  Queen  
  28  2:38  Zergling x4  
  28  2:40  Metabolic Boost  
  30  2:54  Drone x2  
  31  3:21  Roach Warren  
  30  3:30  Zergling x2  
  30  3:31  Zergling x8  
  30  3:32  Overlord x2  
  36  4:02  Drone  
  36  4:03  Drone x5  
  41  4:11  Drone  
  42  4:32  Zergling x12  
  48  4:39  Overlord x3  
Tags
 
League
GoldGold
Matchup
PvZ
Replay Pack
20200422
Spawn Locations
Cross Positions
Add a new tag
Caveats
  • Supply blocks, unpowered buildings, or Contaminate may cause inaccurate times.
  • Supply counts are checked every 10 seconds.